AoeStats
← jjbrown85

Lombardia

510215172Analyzed
2v2 RM · 4d ago on Sep 30, 2026· 39m 41s· 4 players
Game mode
Random Map
Map size
Medium (4 player)
Population
200
Speed
Normal
Resources
Standard
Victory
Conquest
Starting age
Dark Age
Ending age
Imperial Age
RankedLock teamsTeams togetherTeam positionsShared explorationLock speedFull tech treeHidden civsTurbo modeCheats
Victory
Defeat
🇨🇦 Saxons · Canada
1046
+14
🇺🇸 Varangians · United States
1043
+14
🇧🇷 Italians · Brazil
1010
-14
🇨🇴 Magyars · Colombia
992
-14
Papayo27
5:30 Loom
10:53 Feudal Age
12:27 Double-Bit Axe
18:05 Castle Age
17:26 Horse Collar
18:33 Gold Mining
19:25 Bow Saw
24:54 Heavy Plow
25:07 Thumb Ring
25:49 Ballistics
26:07 Town Watch
26:36 Pikeman
30:25 Wheelbarrow
35:41 Imperial Age
33:29 Hand Cart
nicolaiequal
5:11 Loom
10:30 Feudal Age
10:58 Horse Collar
11:07 Double-Bit Axe
11:11 Town Watch
23:08 Castle Age
21:03 Stone Mining
21:31 Gold Mining
21:46 Fletching
21:56 Padded Archer Armor
24:23 Bow Saw
24:16 Heavy Plow
24:58 Stone Shaft Mining
23:48 Pikeman
26:10 Wheelbarrow
25:32 Bodkin Arrow
25:53 Leather Archer Armor
26:35 Leather Archer Armor
31:15 Imperial Age
30:38 Thumb Ring
33:55 Bracer
34:25 Ring Archer Armor
35:38 Chemistry
35:04 Hand Cart
37:29 Ring Archer Armor
39:36 Forging
39:26 Scale Mail Armor
39:22 Man-at-Arms
40:06 Squires
39:52 Arson
Praetor Pete
10:46 Feudal Age
9:04 Loom
10:49 Feudal Age
12:10 Double-Bit Axe
15:37 Castle Age
14:14 Horse Collar
16:31 Bow Saw
17:18 Heavy Plow
19:18 Wheelbarrow
18:29 Town Watch
20:42 Hand Cart
20:35 Stone Mining
28:38 Squires
28:27 Arson
31:57 Imperial Age
29:55 Scale Mail Armor
30:27 Gambesons
31:30 Chain Mail Armor
33:56 Forging
34:29 Plate Mail Armor
33:22 Elite Varangian Guard
33:34 Capped Ram
34:22 Elite Hearth Troop
35:24 Conscription
35:48 Siege Ram
37:50 Iron Casting
37:04 Shield Wall
38:27 Town Patrol
jjbrown85
7:22 Loom
10:29 Feudal Age
11:21 Double-Bit Axe
13:14 Bloodlines
19:06 Horse Collar
22:59 Fletching
23:09 Padded Archer Armor
26:24 Castle Age
26:12 Wheelbarrow
25:23 Town Watch
27:37 Bodkin Arrow
27:58 Leather Archer Armor
27:55 Forging
27:51 Scale Barding Armor
28:01 Elite Skirmisher
29:05 Light Cavalry
29:46 Husbandry
31:42 Gambesons
31:58 Squires
33:08 Heavy Plow
35:09 Scale Mail Armor
35:45 Iron Casting
37:42 Chain Mail Armor
37:43 Leather Archer Armor
Connection lost

Rejoining the realm…

Still unreachable

The connection could not be restored.

Session expired

The server has moved on; the page needs a fresh start.